Cogmind - Beta 15 @@@ ROGUE MODE // 2025.05.15 @ 22:32:17 Player: Cess183 Result: Self-destructed Performance ------------- Evolutions (1) 500 Regions Visited (2) 400 Robots Destroyed (22) 110 Value Destroyed (425) 425 Prototype IDs (0) 0 Alien Tech Used (0) 0 Bonus (0) 0 TOTAL SCORE: 1435 Bonus ------- None Cogmind --------- Core Integrity 194/400 Matter 218/300 Energy 100/100 System Corruption 0% Temperature Cool (0) Movement Core (100) Ox1 Location -9/Materials Parts ------- > --- POWER (2) -------- (None) > --- PROPULSION (2) --- (None) > --- UTILITY (3) ------ Small Storage Unit > --- WEAPON (2) ------- Mini Grenade Launcher > --- INVENTORY (8) ---- Ion Engine Aluminum Leg Small Storage Unit Peak State ------------ > --- POWER ------------ Ion Engine > --- PROPULSION ------- Light Treads Aluminum Leg > --- UTILITY ---------- Small Storage Unit Seismic Detector > --- WEAPON ----------- Medium Laser > --- INVENTORY -------- (None) [Rating: 6] Favorites ----------- Power Ion Engine Engine Ion Engine Propulsion Light Treads Treads Light Treads Leg Aluminum Leg Utility Seismic Detector Device Seismic Detector Storage Small Storage Unit Weapon Medium Laser Energy Gun Medium Laser Energy Cannon Particle Cannon Ballistic Gun Light Assault Rifle Launcher Grenade Launcher Build | -11 -10 -9 ------- Run | Yrd Mat Mat Slots Evolved 2 | . . 2 Power 1 | . . 1 Propulsion . | . . . Utility 1 | . . 1 Weapon . | . . . Parts Attached 14 | 7 4 3 Power 2 | 1 1 . Engine 2 | 1 1 . Core . | . . . Reactor . | . . . Propulsion 3 | 3 . . Treads 2 | 2 . . Leg 1 | 1 . . Wheel . | . . . Hover . | . . . Flight . | . . . Utility 3 | 2 1 . Device 1 | 1 . . Storage 2 | 1 1 . Processor . | . . . Hackware . | . . . Protection . | . . . Artifact . | . . . Weapon 6 | 1 2 3 Energy Gun 1 | 1 . . Energy Cannon 1 | . . 1 Ballistic Gun 1 | . 1 . Ballistic Cannon . | . . . Launcher 3 | . 1 2 Special Weapon . | . . . Impact Weapon . | . . . Slashing Weapon . | . . . Piercing Weapon . | . . . Special Melee Weapon . | . . . Unidentified Prototypes . | . . . Parts Lost 8 | . 4 4 Power 1 | . . 1 Propulsion 1 | . 1 . Utility 1 | . . 1 Weapon 5 | . 3 2 Highest Loss Streak 2 | . 2 2 To Critical Strikes . | . . . Average Backups 2 | . 2 3 Power . | . . 1 Propulsion . | . 1 1 Utility . | . 1 1 Weapon . | . . . Tool/Special . | . . . Unused Backups . | . . . Power . | . . . Propulsion . | . . . Utility . | . . . Weapon . | . . . Tool/Special . | . . . Average Slot Usage (%) 70 | . 78 36 Engine 12 | . 14 3 Treads 10 | . 12 . Device 13 | . 14 10 Storage 11 | . 11 11 Energy Gun 10 | . 12 . Energy Cannon 1 | . . 7 Launcher 10 | . 11 4 Peak Build Rating 6 | 6 6 6 Average Rating 5 | 3 5 4 On Entrance 2 | . 4 3 Naked Turns . | . . . Heaviest Build 16 | 13 16 14 Greatest Support 20 | 20 20 3 Greatest Overweight (x) 4 | 2 3 4 Average Overweight (x) . | . . 2 Largest Inventory Capacity 8 | 8 8 8 Average Capacity 7 | 6 7 8 Most Carried 3 | 2 3 3 Average Carried 2 | . 2 3 Final Capacity 8 | 5 8 8 Final Carried 3 | 2 3 3 Class Distribution -------------------- 100% | Mutant Dominant Class ---------------- Mutant | -10/Materials Mutant | -9/Materials Resources | -11 -10 -9 ----------- Run | Yrd Mat Mat Matter Collected 450 | 173 233 44 Remotely . | . . . Salvage Created 554 | 134 286 134 Parts 40 | 5 27 8 Haulers Intercepted . | . . . Recyclers Shooed . | . . . Parts Field Recycled . | . . . Retrieved Matter . | . . . Parts Self-Destructed . | . . . Prevented . | . . . Kills | -11 -10 -9 ------- Run | Yrd Mat Mat Combat Hostiles Destroyed 10 | . 6 4 Guns 2 | . 2 . Cannons 2 | . . 2 AOE 6 | . 4 2 Classes Destroyed 9 | 2 6 1 Worker 2 | . 2 . Builder 2 | . 2 . Tunneler 2 | 2 . . Recycler 2 | 1 1 . Mechanic 1 | . 1 . Watcher 3 | . 3 . Swarmer 3 | . 3 . Grunt 5 | . 3 2 Sentry 2 | . . 2 Best Kill Streak 4 | 2 4 1 Combat Bots Only 3 | . 3 1 Max Kills in Single Turn 2 | 1 2 1 Gunslinging . | . . . Exploded 2 | . 2 1 Melee . | . . . Uniques/NPCs Destroyed . | . . . Combat | -11 -10 -9 -------- Run | Yrd Mat Mat Hostile Shots Fired 101 | . 59 42 Missed 31 | . 17 14 Hits 70 | . 42 28 Projectile 70 | . 42 28 Critical Strikes 2 | . 1 1 Damage Taken 1048 | . 603 445 Core 326 | . 120 206 Absorbed by Shields . | . . . Core Remaining (%) 76 | 100 52 . Volleys Fired 68 | 14 41 13 Largest 2 | 1 2 2 Hottest 101 | 50 80 101 Shots Fired 89 | 14 58 17 Gun 55 | 14 41 . Cannon 10 | . . 10 Launcher 24 | . 17 7 Special . | . . . Kinetic 2 | . 2 . Thermal 63 | 14 39 10 Explosive 24 | . 17 7 Electromagnetic . | . . . Robot Hit Streak 4 | 3 4 4 Robot Miss Streak 3 | 1 3 2 Penetration Max . | . . . Secondary Targets . | . . . Shots Hit Robots 40 | 9 20 11 Core Hits 34 | 4 24 6 Critical Kills . | . . . Critical Parts Destroyed . | . . . Critical Strikes 6 | 2 4 . Burn 6 | 2 4 . Melee Attacks . | . . . Impact . | . . . Slashing . | . . . Piercing . | . . . Sneak Attacks . | . . . Combat Hostiles . | . . . Follow-up Attacks . | . . . Damage Inflicted 1376 | 90 937 349 Guns 301 | 87 214 . Cannons 102 | . . 102 Explosions 963 | . 716 247 Melee . | . . . Ramming 10 | 3 7 . Kinetic . | . . . Thermal 403 | 87 214 102 Explosive 963 | . 716 247 Electromagnetic . | . . . Impact . | . . . Slashing . | . . . Piercing . | . . . Highest Corruption . | . . . Average Corruption . | . . . Corruption Purged . | . . . Corruption Blocked . | . . . Overload Shots . | . . . Overflow Damage 8 | . . 8 Projectiles 8 | . . 8 Explosions . | . . . Melee . | . . . Knockbacks . | . . . Impact . | . . . Kinetic . | . . . Secondary . | . . . Self-Inflicted Damage 133 | . 71 62 Shots 9 | . 4 5 Rammed 3 | 2 1 . Targets Rammed 3 | 2 1 . Kicked . | . . . Crushed . | . . . Highest Temperature 120 | 120 117 78 Average Temperature 40 | 53 38 30 Received Heat Transfer 486 | . 312 174 Siege Activations . | . . . Martial Activations . | . . . Shielding Activations . | . . . Robots Disrupted . | . . . Combat Hostiles . | . . . Robots Corrupted . | . . . Combat Hostiles . | . . . Parts Fried . | . . . Impact Corruptions . | . . . Robots Melted . | . . . Combat Hostiles . | . . . Parts Melted . | . . . Heat Transferred 1517 | 407 925 185 Parts Sabotaged . | . . . Parts Stolen . | . . . Parts Stripped . | . . . Power Chain Reactions . | . . . Alert | -11 -10 -9 ------- Run | Yrd Mat Mat Maximum Alert Level . | . . . Low Security (%) 100 | 100 100 100 Level 1 . | . . . Level 2 . | . . . Level 3 . | . . . Level 4 . | . . . Level 5 . | . . . High Security . | . . . Max Security . | . . . Peak Influence 159 | 5 159 88 Initial 46 | . . 46 Average 34 | . 39 41 Influence Increases 578 | 15 386 177 Destroy 0b10 Robot/C 200 | . 120 80 Destroy 0b10 Robot/NC 60 | 15 45 . Destroy Leader 66 | . 36 30 Successful Hack 2 | . 2 . Disable Machine 15 | . 15 . Destroy Structure 160 | . 108 52 Lose Combat Pursuer 75 | . 60 15 Influence Decreases 521 | 15 276 230 Entered New Map 64 | . . 64 Time Decay 377 | 15 236 126 Lost Part 80 | . 40 40 Squads Dispatched 2 | . . 2 Investigation 1 | . . 1 Extermination . | . . . Reinforcement 1 | . . 1 Assault . | . . . Garrison . | . . . Intercept . | . . . Searches Triggered . | . . . Construction Impeded . | . . . Haulers Reinforced . | . . . Active Scanning Responses . | . . . Cargo Convoy Interrupts . | . . . Stealth | -11 -10 -9 --------- Run | Yrd Mat Mat Distress Signals 2 | . 1 1 Communications Jammed . | . . . Distress Signals . | . . . Times Spotted 18 | . 12 6 Peak Tracking Total 4 | . 3 4 Tactical Retreats 4 | . 3 1 Traps | -11 -10 -9 ------- Run | Yrd Mat Mat Traps Triggered . | . . . Indirectly . | . . . Trap Hack Attempts . | . . . Triggered . | . . . Disarmed . | . . . Reprogrammed . | . . . Reused . | . . . Traps Extracted . | . . . Installed . | . . . Triggered . | . . . Machines | -11 -10 -9 ---------- Run | Yrd Mat Mat Machines Disabled 1 | . 1 . Max in Single Turn 1 | . 1 . Machines Repaired . | . . . Machines Dismantled . | . . . Machines Sabotaged . | . . . Overloaded Fab Kills . | . . . Hacking | -11 -10 -9 --------- Run | Yrd Mat Mat Machines Accessed 4 | . 3 1 Terminals 4 | . 3 1 Fabricators . | . . . Repair Stations . | . . . Recycling Units . | . . . Scanalyzers . | . . . Garrison Access . | . . . Total Hacks 10 | . 7 3 Successful 4 | . 3 1 Failed 6 | . 4 2 Catastrophic 1 | . . 1 Database Lockouts . | . . . Manual 3 | . 1 2 Terminals 10 | . 7 3 Fabricators . | . . . Repair Stations . | . . . Recycling Units . | . . . Scanalyzers . | . . . Garrison Access . | . . . Terminal Hacks 4 | . 3 1 Record 3 | . 2 1 Alert Level 1 | . 1 . Fabricator Hacks . | . . . Repair Station Hacks . | . . . Recycling Unit Hacks . | . . . Scanalyzer . | . . . Garrison Access Hacks . | . . . Unauthorized Hacks . | . . . Terminals . | . . . Fabricators . | . . . Repair Stations . | . . . Recycling Units . | . . . Scanalyzers . | . . . Garrison Access . | . . . Data Cores Recovered . | . . . Used . | . . . Hacking Detections 3 | . 2 1 Full Trace Events 2 | . 1 1 Feedback Events . | . . . Feedback Blocked . | . . . Robot Schematics Acquired . | . . . Robots Built . | . . . Authchips . | . . . Time . | . . . Total Robot Build Rating . | . . . Part Schematics Acquired . | . . . Parts Built . | . . . Authchips . | . . . Time . | . . . Total Part Build Rating . | . . . Parts Repaired . | . . . Time . | . . . Parts Recycled . | . . . Recycled Matter . | . . . Retrieved Matter . | . . . Retrieved Components . | . . . Parts Scanalyzed . | . . . Part Schematics Acquired . | . . . Parts Damaged . | . . . Bothacking | -11 -10 -9 ------------ Run | Yrd Mat Mat Used RIF Installer . | . . . Robots Hacked . | . . . Non-combat . | . . . Combat . | . . . Robot Hacks Applied . | . . . Relay Couplers Released . | . . . Fabnet Peak Effective % . | . . . Robots Rewired . | . . . Allies Hacked . | . . . Hacks Repelled . | . . . Allies | -11 -10 -9 -------- Run | Yrd Mat Mat Total Allies . | . . . Largest Group . | . . . Highest-Rated Group . | . . . Highest-Rated Ally . | . . . Total Orders . | . . . Ally Attacks . | . . . Total Damage . | . . . Kills . | . . . Allies Corrupted . | . . . Allies Melted . | . . . Intel | -11 -10 -9 ------- Run | Yrd Mat Mat Active Infowar (turns) 1653 | 57 1331 265 Seismic 1653 | 57 1331 265 Robot Analysis Total . | . . . Derelict Logs Recovered . | . . . Drone Launches . | . . . Drone Recoveries . | . . . Exploration | -11 -10 -9 ------------- Run | Yrd Mat Mat Turns Passed 1875 | 267 1331 277 Spaces Moved 1115 | 224 766 125 Core 329 | 126 78 125 Treads 771 | 83 688 . Legs 15 | 15 . . Wheels . | . . . Hover . | . . . Flight . | . . . Fastest Speed 50 | 50 150 100 Average Speed 151 | 100 160 193 Slowest Speed 250 | 160 200 250 Overloaded Moves . | . . . Propulsion Burnouts . | . . . Robots Hopped . | . . . Potential Cave-ins 21 | . 21 . Cave-ins Triggered . | . . . Exploration Rate (%) 23 | 7 52 11 Regions Visited 2 Branch Regions . Pre-discovered Areas . | . . . Known Exits Taken . | . . . Unknown Exits Taken 2 | 1 1 . Scrap Searched . | . . . Spaces Dug 10 | . 10 . Terrain Destroyed 201 | . 144 57 Melee . | . . . Projectile . | . . . AOE 201 | . 144 57 Terrain Rammed . | . . . Walls Destroyed . | . . . Machines Disabled . | . . . Actions | -11 -10 -9 --------- Run | Yrd Mat Mat Total 1200 | 248 811 141 Wait . | . . . Move 1113 | 223 765 125 Hop . | . . . Pick Up . | . . . Fast Attach 12 | 6 3 3 Attach . | . . . Detach 2 | 2 . . Swap 2 | 1 1 . Drop . | . . . Fire 68 | 14 41 13 Melee . | . . . Ram 1 | . 1 . Kick . | . . . Crush 2 | 2 . . Escape Stasis . | . . . Rewire . | . . . Trap . | . . . Miscellaneous . | . . . Route ------- -11/Scrapyard -10/Materials (discovered 2 exits: *Mat x2) -9/Materials History --------- Turn | Location | Event 37 | -11/Scrapyard | Discovered new exit (range 16) 268 | -11/Scrapyard | Entered Materials 315 | -10/Materials | Build established: Mutant 566 | -10/Materials | Discovered new exit (range 14) 1045 | -10/Materials | Discovered new exit (range 15) 1599 | -10/Materials | Entered another Materials area 1599 | -9/Materials | Evolved 2 slots: Power x1, Utility x1 1871 | -9/Materials | Core integrity fell below 50% 1876 | -9/Materials | Self-destructed Last Messages --------------- reinforcements to Terminal M002. 01819_ U-05 Engineer builds a Wall. 01820_ Y-45 Defender destroyed. 01821_ M-13 Machinist destroyed. 01823_ U-05 Engineer lays Concrete. 01823_ U-05 Engineer builds a Wall. 01828_ U-05 Engineer lays Concrete. 01831_ U-05 Engineer builds a Wall. 01858_ Particle Cannon destroyed. 01858_ Critical hit (Burn: +37). 01864_ Seismic Detector destroyed. 01864_ Acquired Mni. Grenade Launcher. 01870_ Y-45 Defender destroyed. [Achievement: Remodeling] Important note for Steam players: Cogmind player global achievement rates displayed by Steam are all significantly underreported, in some cases by a huge margin, due to how they are calculated by Valve. 01875_ Acquired 30 matter. Map ----- +----------------------------------------------------+ | ???????????######+####?????????????????????? | | ???????????# #?????????????????????? | | ???????????# #?????????????????????? | | ???????????# #?????????????????????? | | ???????????# #?????????????????????? | | ???????????# #?????????????????????? | | ???????????# #########?????????????? | | ???????????# # #?????????????? | | ???????????# # #?????????????? | | ???????????## ## ## #?????????????? | | ???????????## # # ## """ #?????????????? | | ?????????# # ### ## """ #?????????????? | | ?????????# """ #?????????????? | | ?????????#### ###### #?????????????? | | ????????????#### # # # """ #?????????????? | | ???????????????# ## """ #?????????????? | | ???????????????# ## """ #?????????????? | | ???????????????# ## #?????????????? | | ???????????????# ######+####### #????? | | ???????????????# !+%[[ % ?? | | ???????????????# ##! = #????? | | ???????????????# ## ##+####### #????? | | ??????????????## ## ??????????????? | | ??????????????# ## ?????????????? | | ??????????###+## # " ????????????? | | ??????????# [@ # """ #??????????? | | ??????????# # """ #??????????? | | ??????????###+## # """ #??????????? | | ???????????? ### "" ???????????? | | ??????????# # ####?? ""?????????????? | | ??????????# """ ####????? ??????????????? | | ??????????# """?????????? "??????????????? | | ??????????# """?????????? ??????????????? | | ??????????#?? ??????????? ???????????????? | | ??????????????????????????##???????????????? | | | | | | | | | | | | | | | | | | | | | | | | | | | | | | | +----------------------------------------------------+ Best States ------------- Heat Dissipation 28 Energy Generation 10 Energy Capacity 250 Matter Stores 300 Matter Capacity 300 Sight Range 16 Terrain Scan Density 10 Evasion (%) 55 Recoil Reduction 1 Item Schematics ----------------- None Robot Schematics ------------------ None Fabricated ------------ Nothing Repaired ---------- Nothing Alien Tech Used ----------------- None Achievements -------------- Remodeling Challenges ------------ None Game ------ Seed RainbowGlidesysArchive Manual? 0 Play Time 00:20:47 Cumulative 3.8 hours Start 2025.05.15 @ 22:07:33 End 2025.05.15 @ 22:32:17 Sessions 1 Manual Loads 0 Difficulty Rogue Special Mode None Game No. 4 Rogue 4 Adventurer 0 Explorer 0 Win Type - Total 0 Types 0/0/0/0/0/0/0/0/0/0 Lore% 1 Gallery% 6 Achievement% 5 Wizard Run 0 Options --------- Layout 1 ASCII 0 Keyboard 1 Movement Vi Keybinds 0 Fullscreen 1 Font 24/Smallcaps Map View 50x35 Zoom Use 0% Tactical HUD 1 Map Filters NONE Filters NONE Steam 1 RUN: 99108457-1972-4eb2-a084-ab4ddf4ddc35